 Dungeon Crawl Stone Soup version 0.21-a0-516-gaaff437 (webtiles) character file.

172 Laiders the Insei (level 5, -6/37 HPs)
             Began as a Merfolk Transmuter on Dec 3, 2017.
             Killed by divine providence
             ... invoked by an orc priest
              (12 damage)
             ... on level 4 of the Dungeon.
             The game lasted 00:07:17 (3981 turns).

Laiders the Insei (Merfolk Transmuter)              Turns: 3981, Time: 00:07:17

Health: -6/37      AC:  3    Str: 11    XL:     5   Next: 53%
Magic:  8/9        EV: 13    Int: 13    God:
Gold:   144        SH:  0    Dex: 18    Spells: 4/10 levels left

rFire    . . .     SeeInvis .     - Unarmed
rCold    . . .     Gourm    .   (no shield)
rNeg     . . .     Faith    .   s - +0 leather armour
rPois    .         Spirit   .   (no helmet)
rElec    .         Reflect  .   (no cloak)
rCorr    +         Harm     .   (no gloves)
MR       .....                  (no boots)
Stlth    +.........             (no amulet)
HPRegen  0.12/turn              g - +4 ring of dexterity
MPRegen  0.11/turn              v - ring of resist corrosion

@: appendage
A: change form in water, swift swim, stealthy swim, horns 2
a: End Transformation


You were on level 4 of the Dungeon.
You were not hungry.
You had grown temporary horns.
You visited 1 branch of the dungeon, and saw 4 of its levels.

You collected 144 gold pieces.

Inventory:

Missiles
 a - 30 arrows
Armour
 b - a +0 robe
 s - a +0 leather armour (worn)
Jewellery
 g - a +4 ring of dexterity (left hand)
 i - an uncursed amulet of magic regeneration {unknown}
 v - a ring of resist corrosion (right hand)
Wands
 t - a wand of paralysis (15)
Scrolls
 k - a scroll of teleportation {unknown}
 l - a scroll of fear
 m - a scroll of remove curse {unknown}
 o - a scroll of identify {unknown}
 p - a scroll of magic mapping {unknown}
 r - a scroll of enchant weapon {unknown}
 u - a scroll of immolation {unknown}
Potions
 f - a potion of lignification
 h - a potion of agility
 j - 2 potions of cancellation
 n - a potion of might {unknown}
Books
 c - a book of Changes

   Spells                             Type                      Level
   a - Beastly Appendage              Transmutation                1
   b - Sticks to Snakes               Transmutation                2
   c - Spider Form                    Transmutation/Poison         3
   d - Ice Form                       Ice/Transmutation            4
   e - Blade Hands                    Transmutation                5
Comestibles
 d - 2 bread rations


   Skills:
 - Level 1.1 Fighting
 - Level 2.6 Dodging
 + Level 5.0 Unarmed Combat
 + Level 3.1 Spellcasting
 + Level 4.4 Transmutations


You had 4 spell levels left.
You knew the following spells:

 Your Spells              Type           Power        Failure   Level  Hunger
a - Beastly Appendage     Tmut           ##....       4%          1    #......
b - Sticks to Snakes      Tmut           ##......     7%          2    ##.....
c - Spider Form           Tmut/Pois      #.........   34%         3    ###....


Dungeon Overview and Level Annotations

Branches:
Dungeon (4/15)
 Temple: D:4-7

Altars:
Wu Jian

Annotations:
D:4 Tux's ghost, amateur DsAK


Innate Abilities, Weirdness & Mutations

You revert to your normal form in water.
You are very nimble and swift while swimming.
You are very stealthy in the water. (Stealth+)
You have a pair of horns on your head.


Message History

Press: ? - help, v - describe, . - travel The floor.
Casting: Beastly Appendage
Confirm with . or Enter, or press ? or * to list all spells.
You grow a pair of large bovine horns.
The orc priest hits you with a trident.
* * * LOW HITPOINT WARNING * * *
You closely miss the orc priest.
The orc priest is moderately wounded.
The orc priest misses you.
You barely miss the orc priest.
The orc priest is moderately wounded.
You hit the orc priest. Your headbutt misses the orc priest.
The orc priest is heavily wounded.
The orc priest mumbles some strange prayers to Beogh against you.
Beogh smites you!
* * * LOW HITPOINT WARNING * * *
It was a potion of curing.
You feel better.
The orc priest mumbles some strange prayers to Beogh against you.
Beogh smites you!
You die...

#..# #..#
#..# ..###
###.... ..#..
#.# #.#.####
#....#.#<[..#
#..o@)...#
###.#....#
#......#
###...##
#.....
#.##### #..
##


You could see an orc priest.

Vanquished Creatures
  7 adders
  2 oozes
  2 worms
  2 dart slugs
  2 leopard geckos (D:2)
  9 orcs
  4 bats
  7 giant cockroaches
  5 goblins
  11 hobgoblins
  2 jackals (D:1)
  2 quokkas (D:3)
  A ball python (D:1)
  6 frilled lizards
  11 kobolds
  7 rats
80 creatures vanquished.

Notes
Turn   | Place    | Note
-------+----------+-------------------------------------------
     0 | D:1      | Laiders the Merfolk Transmuter began the quest for the Orb.
     0 | D:1      | Reached XP level 1. HP: 15/15 MP: 3/3
    83 | D:1      | Reached XP level 2. HP: 16/21 MP: 5/5
    91 | D:1      | Learned a level 2 spell: Sticks to Snakes
   122 | D:1      | Reached skill level 4 in Unarmed Combat
   752 | D:1      | Reached XP level 3. HP: 26/26 MP: 6/6
   757 | D:1      | Learned a level 3 spell: Spider Form
  1054 | D:2      | Found an ornate altar of the Wu Jian Council.
  1660 | D:2      | Reached XP level 4. HP: 21/32 MP: 5/7
  2731 | D:3      | Reached XP level 5. HP: 35/37 MP: 7/9
  3348 | D:3      | Reached skill level 5 in Unarmed Combat
  3662 | D:4      | Noticed a black bear
  3667 | D:4      | Noticed Tux's ghost (amateur DsAK)
  3980 | D:4      | HP: 1/37 [orc priest/divine providence (9)]
  3981 | D:4      | Killed from afar by an orc priest

Vault maps used:
D:1:      scummos_arrival_forest, minmay_misc_feat_five, hex_tiny
D:2:      overflow_temple_1_default
D:4:      nicolae_overflow_hidden_temple, lemuel_temple_firewalk_b,
          serial_shops, shop

Skill      XL: |  1  2  3  4  5 |
---------------+----------------+-----
Unarmed Combat | 4 5 |  5.0
Transmutations | 3 4 |  4.4
Spellcasting   | 3 |  3.1
Fighting       | |  1.1
Dodging        | |  2.6

Action                   |  1- 3 |  4- 6 || total
-------------------------+-------+-------++-------
Melee: Unarmed           |   130 |   152 ||   282
       Headbutt          |     3 |     5 ||     8
       Punch             |     1 |     6 ||     7
 Cast: Beastly Appendage |     4 |     9 ||    13
       Sticks to Snakes  |       |     3 ||     3
  Use: Scroll            |     1 |     1 ||     2
       Potion            |       |     4 ||     4
 Stab: Sleeping          |       |     1 ||     1
  Eat: Chunk             |     2 |     8 ||    10
Armor: Robe              |    32 |     7 ||    39
       Leather armour    |       |    12 ||    12
       Skin              |       |     9 ||     9
Dodge: Dodged            |   101 |    91 ||   192

Table legend:
 A = Spawn XP
 B = Non-spawn XP
 C = Spawn XP percentage of total XP
 D = Spawn monster count
 E = Non-spawn monster count
 F = Spawn count percentage of total count
 G = Total turns spent on level
                    A         B        C        D         E        F      G
               +---------+---------+-------+---------+---------+-------+---------
         Total |       0 |     247 |   0.0 |       0 |      80 |   0.0 |  3981
               +---------+---------+-------+---------+---------+-------+---------
           D:1 |       0 |      44 |   0.0 |       0 |      25 |   0.0 |  1054
           D:2 |       0 |      96 |   0.0 |       0 |      26 |   0.0 |  1525
           D:3 |       0 |      98 |   0.0 |       0 |      26 |   0.0 |  1370
           D:4 |       0 |       9 |   0.0 |       0 |       3 |   0.0 |    32
               +---------+---------+-------+---------+---------+-------+---------
